 Dungeon Crawl Stone Soup version 0.29-a0-231-g945431f764 (webtiles) character file.

Game seed: 16428368548385941272

299553 night the Maledictor (level 20, -13/111 HPs)
             Began as a Spriggan Hunter on Feb 23, 2022.
             Was the Champion of Dithmenos.
             Killed from afar by a war gargoyle (30 damage)
             ... with a spray of metal splinters
             ... led by a peacekeeper
             ... on level 3 of the Vaults on Feb 28, 2022.
             The game lasted 02:54:24 (51691 turns).

night the Maledictor (Spriggan Hunter)             Turns: 51691, Time: 02:54:25

Health: -13/111    AC: 12    Str:  8    XL:     20   Next: 15%
Magic:  6/35       EV: 35    Int: 20    God:    Dithmenos [******]
Gold:   2844       SH:  0    Dex: 21    Spells: 13/40 levels left

rFire   . . .      SeeInvis +   b - +8 dagger "Wequ" {elec, Int+4}
rCold   + + +      Faith    .   (no shield)
rNeg    . . .      Spirit   .   Y - +4 skin of Zhor {*Englaciate rC+++ SInv}
rPois   +          Reflect  .   (helmet restricted)
rElec   +          Harm     .   w - +1 cloak
rCorr   .          Rampage  .   (gloves unavailable)
Will    +++..                   (boots unavailable) Stlth **++++++++
                                V - amulet of the Air {Inacc Air Fly rElec RMsl}
HPRegen 0.28/turn               y - ring of poison resistance
MPRegen 0.24/turn               i - +4 ring of protection

@: flying, wreathed by umbra, repel missiles, very quick
A: very small, no large weapons, unfitting armour, see invisible, speed 3
}: 2/15 runes: barnacled, gossamer
a: Renounce Religion, Shadow Step, Shadow Form


You were on level 3 of the Vaults.
You worshipped Dithmenos.
Dithmenos was exalted by your worship.
You visited 6 branches of the dungeon, and saw 34 of its levels.
You also visited: Bailey, Ice Cave and Volcano.

You collected 4058 gold pieces.
You spent 1214 gold pieces at shops.

Inventory:

Hand Weapons
 a - the +7 fustibalus of Epuzoz {venom, Dex+5 SInv}
   (You acquired it on level 1 of the Vaults)

   Any ammunition fired from it poisons the flesh of those it strikes.
   Dex:       It affects your dexterity (+5).
   SInv:      It lets you see invisible.
 b - the +8 dagger "Wequ" (weapon) {elec, Int+4}
   (You found it on level 6 of the Dungeon)

   It occasionally discharges a powerful burst of electricity upon striking a
   foe.
   Int:       It affects your intelligence (+4).
 v - a +3 rapier of holy wrath
 z - the +4 fustibalus of the King {venom, Will+}
   (You acquired it in a bailey)

   Any ammunition fired from it poisons the flesh of those it strikes.
   Will:      It increases your willpower.
 O - a +8 fustibalus of freezing
Missiles
 q - 2 curare-tipped darts
 E - 12 boomerangs of dispersal
 S - 6 throwing nets
Armour
 w - a +1 cloak (worn)
 P - a +0 troll leather armour
 Y - the +4 skin of Zhor (worn) {*Englaciate rC+++ SInv}
   (You found it on level 2 of the Lair of Beasts)

   It radiates cold, occasionally slowing all nearby creatures who are not
   resistant to cold.
   rC:        It renders you almost immune to cold.
   SInv:      It lets you see invisible.
Magical Staves
 T - a staff of fire
Jewellery
 e - an amulet of the acrobat
 i - a +4 ring of protection (right hand)
 r - a +4 ring of evasion
 y - a ring of poison resistance (left hand)
 B - a ring of resist corrosion
 H - a ring of fire
 R - a ring of ice
 V - the amulet of the Air (around neck) {Inacc Air Fly rElec RMsl}
   (You found it on level 2 of the Vaults)

   [amulet of nothing]

   It reduces the accuracy of all your attacks.
   It enhances your air magic.
   rElec:     It insulates you from electricity.
   Fly:       It grants you flight.
   RMsl:      It protects you from missiles.
Wands
 c - a wand of acid (4)
 I - a wand of digging (7)
 J - a wand of charming (15)
 M - a wand of flame (35)
 Q - a wand of polymorph (7)
 W - a wand of paralysis (12)
Scrolls
 p - 17 scrolls of teleportation
 s - 5 scrolls of enchant armour
 t - a scroll of blinking
 x - 21 scrolls of identify
 A - 5 scrolls of magic mapping
 D - 4 scrolls of fog
 N - 2 scrolls of summoning
 U - 7 scrolls of fear
 X - a scroll of silence
Potions
 f - 4 potions of flight
 g - 3 potions of attraction
 h - 12 potions of ambrosia
 j - 4 potions of mutation
 k - 7 potions of lignification
 l - 4 potions of brilliance
 m - 5 potions of heal wounds
 n - 13 potions of curing
 o - 6 potions of magic
 u - 11 potions of haste
 C - 2 potions of resistance
 F - 2 potions of cancellation
 G - 9 potions of might
 L - 3 potions of berserk rage
Miscellaneous
 d - a phial of floods
 K - a phantom mirror
 Z - a box of beasts


   Skills:
 + Level 14.0 Fighting
 - Level 10.0 Short Blades
 - Level 18.0 Slings
 - Level 1.1 Armour
 + Level 18.7 Dodging
 - Level 15.1 Stealth
 - Level 10.7 Spellcasting
 + Level 8.0 Conjurations
 + Level 21.9 Hexes
 - Level 2.0 Fire Magic
 - Level 3.8 Air Magic
 - Level 8.6 Poison Magic


You had 13 spell levels left.
You knew the following spells:

 Your Spells              Type           Power      Damage    Failure   Level
a - Poisonous Vapours     Pois/Air       100%       N/A       1%          2
b - Tukima's Dance        Hex            78%        N/A       0%          3
c - Ignite Poison         Fire/Tmut/Pois 24%        N/A       4%          3
d - Olgreb's Toxic Radia  Pois           45%        N/A       1%          4
e - Enfeeble              Hex            39%        N/A       1%          7
f - Discord               Hex            39%        N/A       5%          8

Your spell library contained the following spells:

 Spells                   Type           Power      Damage    Failure   Level
 Confusing Touch          Hex            78%        N/A       0%          3
 Shock                    Conj/Air       100%       1d9       1%          1
 Static Discharge         Conj/Air       51%        N/A       1%          2
 Inner Flame              Hex/Fire       56%        N/A       1%          3
 Portal Projectile        Hex/Tloc       100%       N/A       1%          3
 Anguish                  Hex/Necr       26%        N/A       1%          4
 Fulminant Prism          Conj/Hex       31%        3d16      1%          4
 Metabolic Englaciation   Hex/Ice        26%        N/A       1%          5
 Yara's Violent Unravell  Hex/Tmut       26%        3d11      1%          5
 Conjure Flame            Conj/Fire      30%        6-21      2%          3
 Stone Arrow              Conj/Erth      52%        3d10      3%          3
 Corpse Rot               Necr/Air       54%        N/A       4%          2
 Scorch                   Fire           36%        2d6       4%          2
 Swiftness                Air            39%        N/A       4%          3
 Animate Skeleton         Necr           20%        N/A       6%          1
 Apportation              Tloc           20%        N/A       6%          1
 Freeze                   Ice            40%        1d6       6%          1
 Pain                     Necr           40%        1d6       6%          1
 Sandblast                Erth           20%        2d7       6%          1
 Summon Small Mammal      Summ           40%        N/A       6%          1
 Sticky Flame             Conj/Fire      30%        2d5       9%          4
 Blink                    Tloc           20%        N/A       10%         2
 Passwall                 Tmut/Erth      8%         N/A       10%         2
 Sublimation of Blood     Necr           10%        N/A       10%         2
 Wereblood                Tmut           10%        N/A       10%         2
 Hailstorm                Conj/Ice       26%        3d7       12%         4
 Airstrike                Air            19%        N/A       13%         4
 Lightning Bolt           Conj/Air       25%        1d41      16%         5
 Frozen Ramparts          Ice            20%        1d4       19%         3
 Ozocubu's Armour         Ice            10%        N/A       19%         3
 Vampiric Draining        Necr           10%        2d6       19%         3
 Summon Lightning Spire   Summ/Air       27%        N/A       28%         4
 Alistair's Intoxication  Tmut/Pois      18%        N/A       30%         5
 Animate Armour           Summ/Erth      20%        N/A       54%         4
 Animate Dead             Necr           5%         N/A       54%         4
 Dispel Undead            Necr           10%        3d9       54%         4
 Passage of Golubria      Tloc           10%        N/A       54%         4
 Petrify                  Tmut/Erth      10%        N/A       54%         4
 Conjure Ball Lightning   Conj/Air       25%        3x3d7     65%         6
 Starburst                Conj/Fire      15%        6d6       77%         6
 Eringya's Noxious Bog    Tmut/Pois      13%        N/A       86%         6
 Blade Hands              Tmut           5%         N/A       87%         5
 Borgnjor's Vile Clutch   Necr/Erth      5%         N/A       87%         5
 Excruciating Wounds      Necr           5%         N/A       87%         5
 Manifold Assault         Tloc           10%        N/A       87%         5
 Death Channel            Necr           5%         N/A       100%        6
 Dispersal                Tloc           5%         N/A       100%        6
 Simulacrum               Ice/Necr       5%         N/A       100%        6
 Statue Form              Tmut/Erth      6%         N/A       100%        6
 Ozocubu's Refrigeration  Ice            5%         4d6       100%        7
 Storm Form               Tmut/Air       13%        N/A       100%        7
 Summon Hydra             Summ           5%         N/A       100%        7
 Disjunction              Tloc           5%         N/A       100%        8
 Ignition                 Fire           9%         3d5       100%        8
 Lehudib's Crystal Spear  Conj/Erth      13%        10d4      100%        8
 Maxwell's Capacitive Co  Air            19%        ∞         100%        8


Dungeon Overview and Level Annotations

Branches:
Dungeon (15/15)            Temple (0/1) D:4            Lair (6/6) D:11
 Shoals (4/4) Lair:4       Spider (4/4) Lair:2        Slime (0/5) Lair:5
    Orc (2/2) D:9             Elf (0/3) Orc:2        Vaults (3/5) D:14
  Crypt (0/3) Vaults:3     Depths (0/4) D:15         Bailey (visited)
  IceCv (visited)         Volcano (visited)

Altars:
Dithmenos
Elyvilon
Fedhas
Gozag
Kikubaaqudgha
Qazlal
Sif Muna
Vehumet
Beogh

Shops:
D:1 [   D:12 =   Orc:1 ((*   Orc:2 !(::   Shoals:3 [*   Vaults:1 *   Vaults:2 (

Annotations:
D:15 3 runed translucent doors, bmj180's ghost, adept DsNe


Innate Abilities, Weirdness & Mutations

You are very small and have problems with some larger weapons.
You are too small for most types of armour.
You have supernaturally acute eyesight. (SInv)
You cover ground extremely quickly. (Speed+++)


Message History

You puncture the peacekeeper!
You destroy the peacekeeper!
Dithmenos accepts your kill.
You hit the war gargoyle.
The war gargoyle is lightly damaged.
Your shadow hits the war gargoyle but does no damage.
You hit the war gargoyle but do no damage.
The war gargoyle is lightly damaged.
The war gargoyle launches metal splinters at you.
The spray of metal splinters misses you.
You hit the war gargoyle but do no damage.
You punch the war gargoyle, but do no damage.
Your shadow hits the war gargoyle with a dagger.
The war gargoyle completely misses you.
You puncture the war gargoyle!
The war gargoyle is moderately damaged.
Your shadow hits the war gargoyle but does no damage.
You barely miss the war gargoyle.
The war gargoyle is moderately damaged.
Your shadow hits the war gargoyle but does no damage.
The war gargoyle completely misses you.
You hit the war gargoyle.
The war gargoyle is moderately damaged.
The war gargoyle completely misses you.
You hit the war gargoyle but do no damage.
The war gargoyle is moderately damaged.
Your shadow hits the war gargoyle but does no damage.
The war gargoyle hits you with a +2 morningstar of venom!!!
You barely miss the war gargoyle.
The war gargoyle is moderately damaged.
Your shadow hits the war gargoyle but does no damage.
You hit the war gargoyle but do no damage.
The war gargoyle is moderately damaged.
The war gargoyle launches metal splinters at you.
The spray of metal splinters hits you!!!
* * * LOW HITPOINT WARNING * * *
You emit a cloud of dark smoke.
The war gargoyle launches metal splinters at you.
The spray of metal splinters hits you!!
You die...

.#...########......#
.#...#......#......#
.+.).#......#......#
.#..)#......#......#
##...#......#......#
#...#......#......#
#...####'###......#
#.................#
#..............@..#
#................§#
#...............§9#########
#.............§§§§Q§Q§....#
+............##'#####§Q..##
#............#......#....#
#...........)#......#....#
#...########.#......#....#
#... #.#......#....#


You could see a tengu reaver and a war gargoyle (strong, catching breath).

Vanquished Creatures
  Nikola (Shoals:1)
  Mlioglotl (Spider:1)
  Kirke (Lair:6)
  A fire giant (D:15)
  2 frost giants
  A ghost moth (Spider:4)
  2 vault wardens (Vaults:2)
  A deep elf sorcerer (Vaults:2)
  An orc warlord (Orc:2)
  7 emperor scorpions
  4 ironbound preservers (Vaults:1)
  4 ironbound thunderhulks
  6 broodmothers
  A vampire knight (Vaults:3)
  8 entropy weavers
  2 spark wasps (Spider:3)
  An ettin (Orc:1)
  A fire dragon (Lair:6)
  6 merfolk impalers
  4 merfolk javelineers
  Josephine (D:14)
  4 yaktaur captains (Vaults:2)
  Fannar (D:10)
  6 boulder beetles
  Erolcha (D:13)
  4 jorogumos
  3 ogre magi
  2 peacekeepers (Vaults:3)
  9 hydras
  An alligator snapping turtle (Shoals:3)
  A merfolk avatar (Shoals:4)
  15 centaur warriors
  5 merfolk aquamancers
  4 ironbound frosthearts
  5 death yaks (Lair:5)
  15 two-headed ogres
  A radroach (Spider:1)
  3 satyrs
  Urug (D:10)
  A deep troll earth mage (Vaults:1)
  Nergalle (Orc:2)
  9 skeletal warriors
  4 sun moths
  2 pharaoh ants (Spider:3)
  Lodul (D:13)
  The ghost of tilp the Covert, a novice FeIE of Vehumet (Lair:1)
  28 deep trolls
  5 steelbarb worms
  8 sea snakes
  11 orb spiders
  2 wizards (Vaults:2)
  A phantasmal warrior (Vaults:3)
  A deep elf archer (D:14)
  A necromancer (Vaults:3)
  2 anaconda skeletons (Volcano)
  4 lindwurms
  3 orc knights
  A deep elf pyromancer (D:14)
  15 harpies
  20 wolf spiders
  6 ironbound convokers
  15 ugly things
  An oklob plant (D:14)
  9 orc sorcerers
  A manticore (shapeshifter) (D:15)
  9 black mambas
  19 manticores
  8 cyclopes
  3 vault sentinels
  3 moths of wrath
  2 water nymphs
  5 fauns
  Maurice (D:10)
  3 ice statues (IceCv)
  19 elephants
  6 merfolk sirens
  4 torpor snails
  3 molten gargoyles (Lair:6)
  Maggie (D:6)
  16 cane toads
  5 demonic crawlers
  2 gargoyles (Volcano)
  2 kobold demonologists (Bailey)
  11 rime drakes
  An unseen horror (D:13)
  2 freezing wraiths
  13 komodo dragons
  2 tengu conjurers (D:14)
  An entropy weaver simulacrum (IceCv)
  9 yaktaurs
  An anaconda simulacrum (IceCv)
  A queen bee (Lair:3)
  A polar bear (shapeshifter) (D:13)
  6 wind drakes
  27 merfolk
  4 trolls
  6 meliai
  A polar bear (Lair:1)
  14 hornets
  15 tarantellas
  A blink frog (shapeshifter) (D:14)
  Prince Ribbit (D:8)
  4 snapping turtles
  5 dream sheep (Lair:6)
  14 slime creatures
  15 blink frogs
  23 jumping spiders
  23 culicivoras
  3 flying skulls (Volcano)
  9 wraiths
  2 centaur simulacra
  15 water elementals
  10 wyverns
  46 yaks
  2 hogs (Lair:6)
  Grum (D:11)
  8 basilisks
  71 redbacks
  A death yak simulacrum (IceCv)
  5 vampire mosquitoes
  An acid dragon (D:10)
  7 wargs
  15 water moccasins
  5 hell hounds (Lair:6)
  22 orc warriors
  3 sky beasts
  2 ice beasts
  2 black bears (D:11)
  3 necrophages
  26 wolves
  12 ogres
  A phantom (D:6)
  13 centaurs
  3 kobold brigands
  Blork the orc (D:6)
  12 bullfrogs
  2 cane toad simulacra (IceCv)
  4 scorpions
  A wyvern zombie (D:5)
  An elephant simulacrum (IceCv)
  37 killer bees
  4 wights
  6 electric eels
  A troll skeleton (Volcano)
  6 howler monkeys
  3 lava snakes (Lair:6)
  A crimson imp (D:7)
  A centaur zombie (D:5)
  5 hounds
  2 gnoll shamans (D:5)
  7 jellies
  14 orc priests
  A centaur skeleton (D:5)
  An iguana (D:4)
  39 orc wizards
  A polar bear simulacrum (IceCv)
  2 naga skeletons (Volcano)
  A howler monkey zombie (D:4)
  15 gnolls
  5 adders
  3 white imps (D:7)
  An ufetubus (D:4)
  An adder skeleton (D:4)
  A worm (D:4)
  2 dart slugs
  74 orcs
  9 ball pythons
  11 bats
  11 endoplasms
  5 giant cockroaches
  14 goblins
  11 hobgoblins
  5 jackals
  24 kobolds
  5 quokkas
  A frilled lizard (D:3)
  A quokka skeleton (D:4)
  4 rats
  A butterfly (Lair:4)
  A tentacle (Shoals:4)
1248 creatures vanquished.

Vanquished Creatures (collateral kills)
  3 ironbound preservers (Vaults:2)
  2 merfolk impalers (Shoals:4)
  A boulder beetle (Vaults:1)
  4 vault guards (D:14)
  2 ironbound frosthearts (Vaults:1)
  2 merfolk aquamancers (Shoals:4)
  4 centaur warriors
  An alligator snapping turtle (Shoals:4)
  A vampire mage (Vaults:3)
  9 deep trolls
  A sun moth (Spider:4)
  A sea snake (Shoals:4)
  A wizard (Vaults:2)
  6 harpies
  A necromancer (Vaults:3)
  An ironbound convoker (Vaults:1)
  A cyclops (D:14)
  3 ugly things
  3 vault sentinels
  A water nymph (Shoals:4)
  5 yaktaurs (Vaults:2)
  A freezing wraith (D:14)
  A troll (shapeshifter) (D:14)
  A merfolk (Shoals:4)
  15 slime creatures
  2 jumping spiders
  4 water elementals (Shoals:4)
  A basilisk (D:14)
  A redback (Vaults:2)
  An orc (Orc:2)
80 creatures vanquished.

Vanquished Creatures (others)
  A vault warden (Vaults:1)
  An ironbound preserver (Vaults:2)
  A merfolk javelineer (Shoals:4)
  3 merfolk impalers (Shoals:4)
  A sea snake (Shoals:4)
  2 deep trolls
  3 harpies
  A manticore (Shoals:4)
  A troll (Orc:2)
  2 slime creatures (Vaults:2)
  A culicivora (Vaults:1)
  2 dancing weapons (D:13)
  An orc priest (Orc:2)
  3 orc wizards (Orc:2)
  27 fungi
  72 plants
  5 tentacles (Shoals:4)
127 creatures vanquished.

Grand Total: 1455 creatures vanquished

Notes
Turn   | Place    | Note
-------+----------+-------------------------------------------
     0 | D:1      | night the Spriggan Hunter began the quest for the Orb.
     0 | D:1      | Reached XP level 1. HP: 10/10 MP: 2/2
    71 | D:1      | Reached skill level 5 in Slings
   130 | D:1      | Reached XP level 2. HP: 14/14 MP: 3/3
   743 | D:1      | Found Xejeniuq's Antique Armour Shop.
   770 | D:1      | Reached XP level 3. HP: 18/18 MP: 4/4
  1495 | D:2      | Found a faded altar of an unknown god.
  1503 | D:2      | Prayed at the altar of an unknown god.
  1503 | D:2      | Became a worshipper of Dithmenos the Shadowed
  1503 | D:2      | Reached * piety under Dithmenos
  2305 | D:3      | Reached XP level 4. HP: 22/22 MP: 5/5
  2324 | D:3      | Found a stormy altar of Qazlal.
  2326 | D:3      | Noticed an air elemental
  2327 | D:3      | Noticed a water elemental
  2327 | D:3      | Noticed an earth elemental
  2327 | D:3      | Noticed a fire elemental
  2641 | D:4      | Reached ** piety under Dithmenos
  2816 | D:4      | Noticed a sky beast
  2839 | D:4      | Killed a sky beast
  2840 | D:4      | Reached XP level 5. HP: 25/25 MP: 6/6
  2867 | D:4      | Noticed a sky beast
  2899 | D:4      | Killed a sky beast
  2900 | D:4      | Reached XP level 6. HP: 20/30 MP: 7/7
  3065 | D:4      | Noticed an orc warrior
  3460 | D:4      | HP: 4/30 [orc warrior/+0 hand axe (16)]
  3503 | D:4      | Killed an orc warrior
  3873 | D:4      | Reached skill level 10 in Slings
  3883 | D:4      | HP: 4/30 [orc wizard/magic dart (4)]
  3886 | D:4      | Reached XP level 7. HP: 4/33 MP: 8/8
  4175 | D:4      | Found a staircase to the Ecumenical Temple.
  4571 | D:5      | Entered Level 5 of the Dungeon
  4599 | D:5      | Reached *** piety under Dithmenos
  5299 | D:5      | Reached skill level 12 in Slings
  5299 | D:5      | Reached XP level 8. HP: 37/37 MP: 9/9
  5592 | D:5      | Upgraded the game from 0.29-a0-206-g4a66f2e2b5 to
                  | 0.29-a0-219-g0a02b1cf4f
  6300 | D:5      | HP: 1/37 [orc priest/divine providence (14)]
  6882 | D:6      | Noticed Blork the orc
  6899 | D:6      | Killed Blork the orc
  7184 | D:6      | Noticed Maggie
  7213 | D:6      | Reached skill level 14 in Slings
  7219 | D:6      | Killed Maggie
  7220 | D:6      | Reached XP level 9. HP: 35/41 MP: 10/10
  7305 | D:6      | HP: 5/41 [electric eel/bolt of electricity (8)]
  8300 | D:6      | Identified the +8 dagger "Wequ" {elec, Int+4}
  8434 | D:6      | Reached **** piety under Dithmenos
  8637 | D:7      | Reached skill level 2 in Stealth
  8763 | D:7      | Reached skill level 1 in Short Blades
  8803 | D:7      | Found the +1 Delatra's gloves {ID++}
  9175 | D:7      | Reached skill level 2 in Fighting
  9604 | D:8      | Reached skill level 2 in Short Blades
  9604 | D:8      | Reached skill level 16 in Slings
 10034 | D:8      | Noticed Prince Ribbit
 10050 | D:8      | Killed Prince Ribbit
 10051 | D:8      | Reached XP level 10. HP: 36/48 MP: 11/11
 10268 | D:8      | Reached skill level 5 in Stealth
 10522 | D:9      | Found a flagged portal.
 10528 | Bailey   | Entered a bailey
 10814 | Bailey   | Reached ***** piety under Dithmenos
 10815 | Bailey   | Reached skill level 5 in Dodging
 10826 | Bailey   | Noticed an orc knight
 10863 | Bailey   | HP: 7/49 [orc knight/+0 war axe (8)]
 10876 | Bailey   | Killed an orc knight
 11183 | Bailey   | Found the +7 great mace "Undeadhunter" {disrupt, rN+}
 11197 | Bailey   | Noticed an orc knight
 11284 | Bailey   | Killed an orc knight
 11435 | Bailey   | Found an iron altar of Okawaru.
 11445 | Bailey   | Reached skill level 5 in Short Blades
 11468 | Bailey   | Learned a level 2 spell: Poisonous Vapours
 11532 | Bailey   | Acquired the +4 fustibalus of the King {venom, Will+}
 11893 | D:9      | Noticed a cyclops
 11904 | D:8      | Reached skill level 1 in Poison Magic
 12199 | D:8      | Killed a cyclops
 12200 | D:8      | Reached skill level 2 in Poison Magic
 12226 | D:9      | Noticed a two-headed ogre
 12237 | D:9      | Killed a two-headed ogre
 12272 | D:9      | Found a staircase to the Orcish Mines.
 12325 | D:9      | Reached XP level 11. HP: 24/53 MP: 12/12
 12987 | D:10     | Entered Level 10 of the Dungeon
 13113 | D:10     | Noticed a two-headed ogre
 13130 | D:10     | Killed a two-headed ogre
 13138 | D:10     | Noticed Maurice
 13144 | D:10     | Killed Maurice
 13147 | D:10     | Noticed Urug
 13151 | D:10     | Noticed an ogre mage
 13155 | D:10     | Noticed a two-headed ogre
 13166 | D:10     | Killed an ogre mage
 13169 | D:10     | Noticed a two-headed ogre
 13174 | D:10     | Noticed a two-headed ogre
 13185 | D:10     | Killed a two-headed ogre
 13503 | D:10     | Killed a two-headed ogre
 13514 | D:10     | Noticed a two-headed ogre
 13530 | D:10     | Killed Urug
 13534 | D:10     | Killed a two-headed ogre
 13535 | D:10     | Reached skill level 5 in Fighting
 13535 | D:10     | Reached skill level 18 in Slings
 13572 | D:10     | Noticed a two-headed ogre
 13587 | D:10     | Killed a two-headed ogre
 13594 | D:10     | Killed a two-headed ogre
 13805 | D:10     | Reached XP level 12. HP: 54/60 MP: 13/13
 13923 | D:10     | Noticed Fannar
 13940 | D:10     | Killed Fannar
 13951 | D:10     | Reached skill level 10 in Stealth
 14375 | Orc:1    | Entered Level 1 of the Orcish Mines
 14378 | Orc:1    | Found Ekepluck's Book Shoppe.
 14411 | Orc:1    | Found a frozen archway.
 14493 | IceCv    | Entered an ice cave
 16167 | Orc:1    | Noticed an ettin
 16191 | Orc:1    | Killed an ettin
 16321 | Orc:1    | Reached skill level 10 in Dodging
 16426 | Orc:1    | Found Seqal's General Store.
 16532 | Orc:1    | Found a shimmering blue altar of Sif Muna.
 16647 | Orc:1    | Found Ullaemma's Antique Weapon Boutique.
 16655 | Orc:1    | Found Pavus's Antique Weapon Shop.
 16904 | Orc:2    | Entered Level 2 of the Orcish Mines
 16904 | Orc:2    | Noticed an orc warlord
 16992 | Orc:2    | Found a dark tunnel.
 16999 | Volcano  | Entered a volcano
 17130 | Volcano  | Reached ****** piety under Dithmenos
 17197 | Volcano  | Reached skill level 12 in Stealth
 17299 | Volcano  | HP: 9/62 [skeletal warrior/+2 great sword of flaming (5)]
 17375 | Volcano  | HP: 9/62 [something (13)]
 17716 | Orc:2    | Found a staircase to the Elven Halls.
 17774 | Orc:2    | Killed an orc warlord
 17775 | Orc:2    | Reached XP level 13. HP: 55/67 MP: 14/14
 18113 | Orc:2    | Reached skill level 1 in Armour
 18349 | Orc:2    | Found a radiant altar of Vehumet.
 18391 | Orc:2    | Found Kank's Antique Weapon Shoppe.
 18397 | Orc:2    | Noticed Nergalle
 18424 | Orc:2    | Killed Nergalle
 18481 | Orc:2    | Found an ancient bone altar of Kikubaaqudgha.
 18503 | Orc:2    | Found Xokh's Distillery.
 18716 | Orc:2    | Found Ziataj's Book Shoppe.
 18727 | Orc:2    | Found Fiqai's Book Emporium.
 18865 | D:11     | Noticed Grum
 18917 | D:11     | Killed Grum
 19217 | D:11     | Found a staircase to the Lair.
 19400 | D:11     | Upgraded the game from 0.29-a0-219-g0a02b1cf4f to
                  | 0.29-a0-221-gceb61267dd
 19448 | Lair:1   | Entered Level 1 of the Lair of Beasts
 19473 | Lair:1   | Reached skill level 12 in Dodging
 19493 | Lair:1   | Reached skill level 1 in Hexes
 19533 | Lair:1   | Noticed tilp's ghost (novice FeIE)
 19536 | Lair:1   | Found a runed translucent door.
 19559 | Lair:1   | Reached skill level 14 in Stealth
 19559 | Lair:1   | Reached skill level 2 in Hexes
 19579 | Lair:1   | Found a stormy altar of Qazlal.
 19610 | Lair:1   | Reached skill level 10 in Short Blades
 19610 | Lair:1   | Reached skill level 3 in Hexes
 19634 | Lair:1   | Learned a level 3 spell: Tukima's Dance
 19729 | Lair:1   | Reached skill level 4 in Hexes
 19866 | Lair:1   | Reached skill level 5 in Hexes
 20372 | Lair:2   | Found a hole to the Spider Nest.
 20433 | Lair:2   | Learned a level 4 spell: Olgreb's Toxic Radiance
 20448 | Lair:2   | Reached skill level 6 in Hexes
 20644 | Lair:2   | Reached skill level 7 in Hexes
 20881 | Lair:2   | Found the +4 skin of Zhor {*Englaciate rC+++ SInv}
 21255 | Lair:2   | Reached XP level 14. HP: 66/74 MP: 15/15
 21480 | Lair:3   | Reached skill level 8 in Hexes
 21713 | Lair:3   | Found a white marble altar of Elyvilon.
 21735 | Lair:3   | Reached skill level 9 in Hexes
 22237 | Lair:3   | Reached skill level 10 in Hexes
 22945 | D:1      | Bought a faintly glowing cloak for 228 gold pieces
 22945 | D:1      | Identified the +0 cloak of Objectivity {Str+3 Dex+3} (You
                  | bought it in a shop on level 1 of the Dungeon)
 23196 | Orc:2    | Bought an Everburning Encyclopedia for 338 gold pieces
 23200 | Orc:2    | Learned a level 3 spell: Ignite Poison
 23221 | Orc:2    | Bought a book of Misfortune for 648 gold pieces
 23354 | D:12     | Found Onofriza's Jewellery Shop.
 23536 | D:12     | Identified the +6 scale mail "Xeduynau" {rC- Int+7}
 23675 | Lair:4   | Reached skill level 1 in Spellcasting
 23974 | Lair:4   | Found a staircase to the Shoals.
 24048 | Lair:4   | Reached skill level 11 in Hexes
 24062 | Lair:4   | Reached skill level 2 in Spellcasting
 24513 | Lair:5   | Reached skill level 12 in Hexes
 24513 | Lair:5   | Reached XP level 15. HP: 78/78 MP: 18/22
 24654 | Lair:5   | Reached skill level 1 in Air Magic
 24659 | Lair:5   | Reached skill level 1 in Fire Magic
 24994 | Lair:5   | Reached skill level 5 in Spellcasting
 25104 | Lair:5   | Reached skill level 13 in Hexes
 25277 | Lair:5   | Found a staircase to the Slime Pits.
 25298 | Lair:5   | Reached skill level 2 in Air Magic
 25523 | Lair:6   | Entered Level 6 of the Lair of Beasts
 25537 | Lair:6   | Reached skill level 2 in Fire Magic
 26200 | Lair:6   | Got Sif Muna's Disquisition on the Volcanoes
 26204 | Lair:6   | Reached XP level 16. HP: 84/84 MP: 26/26
 26494 | Lair:6   | Reached skill level 14 in Hexes
 26598 | Lair:6   | Found a large runed translucent door.
 26600 | Lair:6   | Found a large runed translucent door.
 26793 | Lair:6   | Noticed Kirke
 26804 | Lair:6   | Killed Kirke
 26899 | Lair:6   | Identified the +2 mace "Dowuwuh" {vorpal, Will+ rCorr}
 27122 | Lair:6   | Learned a level 7 spell: Enfeeble
 28134 | D:13     | You fall into a shaft and drop 2 floors!
 28134 | D:15     | Entered Level 15 of the Dungeon
 28140 | D:15     | Found an opulent altar of Gozag.
 28268 | D:14     | Reached skill level 15 in Hexes
 28683 | D:13     | Noticed Erolcha
 28689 | D:13     | Killed Erolcha
 28868 | D:13     | Noticed Lodul
 28882 | D:13     | Killed Lodul
 28893 | D:13     | Reached skill level 16 in Hexes
 29005 | D:13     | Reached skill level 10 in Fighting
 29199 | D:13     | Learned a level 8 spell: Discord
 30055 | D:14     | Found a gate to the Vaults.
 30226 | D:14     | Noticed Josephine
 30237 | D:14     | Reached skill level 17 in Hexes
 30249 | D:14     | Killed Josephine
 30953 | D:14     | Found a blossoming altar of Fedhas.
 31106 | D:15     | Found a runed translucent gate.
 31109 | D:15     | Found a runed translucent gate.
 31109 | D:15     | Found a runed translucent gate.
 31144 | D:15     | Got Iciodghyg's Handbook of Enchantment and Transmutation
 31470 | D:15     | Found a staircase to the Depths.
 31861 | D:15     | Noticed bmj180's ghost (adept DsNe)
 32269 | Spider:1 | Entered Level 1 of the Spider Nest
 32380 | Spider:1 | Reached XP level 17. HP: 83/90 MP: 21/31
 32592 | Spider:1 | Noticed Mlioglotl
 32670 | Spider:1 | Killed Mlioglotl
 32671 | Spider:1 | Reached skill level 18 in Hexes
 32999 | Spider:1 | Reached skill level 10 in Spellcasting
 35598 | Spider:3 | Reached skill level 19 in Hexes
 35605 | Spider:2 | Reached skill level 1 in Conjurations
 35852 | Spider:3 | Upgraded the game from 0.29-a0-221-gceb61267dd to
                  | 0.29-a0-222-g5b244fca1f
 35900 | Spider:3 | HP: 11/91 [demonic crawler (9)]
 36440 | Spider:3 | Reached skill level 14 in Dodging
 37148 | Spider:3 | Reached skill level 2 in Conjurations
 37449 | Lair:1   | Killed tilp's ghost
 37780 | Spider:4 | Entered Level 4 of the Spider Nest
 38751 | Spider:4 | Reached XP level 18. HP: 77/98 MP: 21/33
 39029 | Spider:4 | Reached skill level 12 in Fighting
 39937 | Spider:4 | Got a gossamer rune of Zot
 40223 | Shoals:1 | Entered Level 1 of the Shoals
 41198 | Shoals:1 | Noticed Nikola
 41211 | Shoals:1 | HP: 10/98 [Nikola/arc of chain lightning (60)]
 41226 | Shoals:1 | Killed Nikola
 41227 | Shoals:1 | Reached skill level 20 in Hexes
 43096 | Shoals:3 | Reached skill level 16 in Dodging
 43096 | Shoals:3 | Upgraded the game from 0.29-a0-222-g5b244fca1f to
                  | 0.29-a0-231-g945431f764
 43242 | Shoals:3 | Reached skill level 5 in Conjurations
 43394 | Shoals:3 | Found Gaklixoch's Overcharged Wands.
 43563 | Shoals:3 | Found Femaudo's Armour Emporium.
 44024 | Shoals:4 | Entered Level 4 of the Shoals
 46075 | Shoals:4 | Reached XP level 19. HP: 71/103 MP: 27/34
 46410 | Shoals:4 | Got the Tome of the Blaze and Feathers
 46529 | Shoals:4 | Got a barnacled rune of Zot
 46854 | Vaults:1 | Entered Level 1 of the Vaults
 47324 | Vaults:1 | Reached skill level 21 in Hexes
 47424 | Vaults:1 | Found Gaitifeint's Assorted Antiques.
 47624 | Vaults:1 | Acquired the +7 fustibalus of Epuzoz {venom, Dex+5 SInv}
 49319 | Vaults:2 | Found Kiemn's Antique Weapon Boutique.
 49353 | Vaults:2 | Reached skill level 18 in Dodging
 49906 | Vaults:2 | Identified the +1 scale mail of Parlour Games {Will+}
 49908 | Vaults:2 | Found the amulet of the Air {Inacc Air Fly rElec RMsl}
 50235 | Vaults:2 | Reached XP level 20. HP: 110/110 MP: 35/35
 50691 | Vaults:2 | Reached skill level 14 in Fighting
 50828 | Vaults:3 | Found a staircase to the Crypt.
 50973 | Vaults:3 | HP: 13/111 [ironbound thunderhulk/bolt of lightning (44)]
 51688 | Vaults:3 | HP: 16/111 [war gargoyle/spray of metal splinters[a
                  | peacekeeper] (43)]
 51691 | Vaults:3 | Killed from afar by a war gargoyle

Illustrated notes

Levels and vault maps discovered:
D:1:      ncdulo_smallfort, layout_basic, serial_shops, shop_fountains
D:2:      layout_loops_ring, ebering_ecumenical_altar_abandoned, minivault_24
D:3:      layout_basic, nicolae_qazlal_style_of_elements
D:4:      minmay_chambers_of_threes, layout_basic, temple_hall
D:5:      layout_basic
D:6:      lemuel_ice_spiral_2, layout_rooms, serial_bayou_lagoon_a,
          uniq_blork_the_orc, uniq_maggie
D:7:      layout_rooms, serial_rivers, chequers_serial_rivers_micro_b,
          chequers_serial_rivers_large_a, chequers_serial_rivers_small_b,
          chequers_serial_rivers_small_3, minmay_fire_ice_demons
D:8:      layout_layer_cave, uniq_prince_ribbit1
D:9:      layout_basic, david_orc_3, enter_bailey_2
D:10:     layout_rooms, grunt_ogre_cave, columned_hall_lemuel, uniq_urug,
          uniq_fannar, uniq_maurice
D:11:     layout_rooms, david_lair_generic, uniq_grum
D:12:     layout_rooms, serial_shops, shop
D:13:     layout_basic, minmay_diced_spiral, uniq_erolcha, uniq_lodul
D:14:     layout_basic, lightli_vaults_fourway_checkpoint, minivault_23,
          tgw_fedhas, uniq_josephine
D:15:     grunt_enter_depths_giant_problem, layout_loops_cross,
          gammafunk_ghost_icy, nicolae_gozag_seed_capital
Lair:1:   layout_regular_city, hellmonk_ghost_happy_afterlife,
          lemuel_altar_in_water2, st_stairs_10
Lair:2:   layout_regular_city, spider_nest_entry_rubble,
          chequers_serial_rivers_large_b, hellmonk_guarded_unrand_zhor
Lair:3:   layout_roguey [special_room_bee], basic_altar
Lair:4:   layout_long_grid, shoals_dummy_entry, lemuel_fruit_fields,
          lemuel_fruit_tree
Lair:5:   layout_roguey, nicolae_slime_entry_slimehenge, beast_lair_carwin_1,
          infiniplex_staircase_pool_2, lemuel_fruit_fields
Lair:6:   cheibrodos_lair_end_hotspot, layout_regular_city,
          serial_bayou_shore_a, uniq_kirke
Shoals:1: layout_shoals, nicolae_shoals_flooded_hall, uniq_nikola
Shoals:2: layout_shoals
Shoals:3: layout_shoals, serial_shops, nicolae_shop_trees,
          nicolae_shop_overcharged_wands
Shoals:4: shoals_end_grunt_ice, layout_shoals
Spider:1: layout_spider_delve, nicolae_spider_checkerboard, uniq_mlioglotl
Spider:2: spiders_nest_scorpion_pit
Spider:3: layout_spider_delve, nicolae_spider_claw_tunnel
Spider:4: hellmonk_spider_rune_endless_swarm, drop_trap,
          nicolae_spider_stair_cavern
Orc:1:    cheibrodos_orc_guarddog, layout_caves, portal_ice_cave_rime,
          serial_shops, shop, nicolae_shop_temple_entry_statues_fountains,
          nicolae_shop_stone, shop_fountains, kennysheep_orc_sif_temple
Orc:2:    kennysheep_orc_mage_school, layout_caves, nicolae_volcano_entry_s_turn
Vaults:1: nicolae_vaults_yaktaur_gun_rack, nicolae_vaults_little_squares_1,
          vaults_mumra_minichess, ontoclasm_vaults_ring_square,
          nicolae_vaults_network_s, nicolae_vaults_windows_and_doors_thing,
          nicolae_vaults_theta, vaults_room_large_hall, hangedman_vaults_stream,
          ontoclasm_vaults_spin, nicolae_vaults_quartermaster,
          layout_vaults_maze, serial_shops, nicolae_square_shop
Vaults:2: vaults_room_hangedman_quadrants, vaults_dpeg_doors,
          ontoclasm_vaults_gateway, vaults_dpeg_spiral, v_pattern_3,
          hangedman_vaults_cutoff, vaults_room_door_hall,
          nicolae_vaults_little_squares_6, nicolae_vaults_little_squares_3,
          v_misc_11, ontoclasm_vaults_chip, layout_vaults_omnibox, serial_shops,
          shop
Vaults:3: nicolae_vaults_puzzle_piece, vaults_room_ringed_pool,
          vaults_room_boxed, nicolae_vaults_specimen_jars,
          nicolae_vaults_diagonal_hallway_9, minmay_crypt_entry_simple_statues,
          dpeg_vaults_monster_box, vaults_dpeg_hooks, vaults_room_door_ring,
          vaults_dpeg_encased_lava, layout_vaults_big_room, serial_shops,
          nicolae_shop_crystal

Skill      XL: |  1  2  3  4  5  6  7  8  9 10 11 12 13 14 15 16 17 18 19 20 |
---------------+-------------------------------------------------------------+-----
Slings         | 5 6 8 10 12 14 16 18 | 18.0
Stealth        | 4 7 9 12 14 15 | 15.1
Dodging        | 4 6 8 10 12 13 14 16 18 | 18.7
Short Blades   | 2 5 6 8 10 | 10.0
Fighting       | 2 4 5 7 8 9 10 11 12 13 14 | 14.0
Poison Magic   | 3 6 7 8 |  8.6
Armour         | 1 |  1.1
Hexes          | 7 12 13 17 19 20 21 | 21.9
Spellcasting   | 4 6 9 10 | 10.7
Air Magic      | 3 |  3.8
Fire Magic     | 2 |  2.0
Conjurations   | 3 5 7 8 |  8.0

Action                   |  1- 3 |  4- 6 |  7- 9 | 10-12 | 13-15 | 16-18 | 19-21 || total
-------------------------+-------+-------+-------+-------+-------+-------+-------++-------
Melee: Dagger            |       |       |    99 |   143 |    67 |   257 |   103 ||   669
       Punch             |       |       |     4 |     1 |     1 |     6 |     2 ||    14
       Rapier            |       |       |       |       |       |       |     1 ||     1
 Fire: Hunting sling     |   129 |   160 |   494 |    75 |       |       |       ||   858
       Fustibalus        |       |       |       |   641 |   999 |  1523 |   274 ||  3437
Throw: Stone             |     5 |     6 |       |       |       |       |       ||    11
       Dart              |       |     2 |     7 |     4 |       |       |       ||    13
 Cast: Poisonous Vapours |       |       |       |     2 |     1 |    56 |     8 ||    67
       Olgreb's Toxic Ra |       |       |       |       |    18 |    96 |    17 ||   131
       Ignite Poison     |       |       |       |       |    11 |   184 |    37 ||   232
       Tukima's Dance    |       |       |       |       |       |    19 |       ||    19
       Enfeeble          |       |       |       |       |       |    13 |     4 ||    17
       Discord           |       |       |       |       |       |     6 |    20 ||    26
Evoke: Wand              |       |     3 |     3 |     2 |     2 |     1 |       ||    11
       Box of beasts     |       |       |       |       |       |     1 |       ||     1
  Use: Scroll            |     2 |     5 |     3 |    12 |    10 |    12 |     3 ||    47
       Potion            |       |       |       |     2 |     1 |     3 |       ||     6
 Stab: Sleeping          |       |       |     2 |    12 |     2 |    13 |    25 ||    54
       Distracted        |       |       |     1 |       |       |     1 |       ||     2
       Invisible         |       |       |       |       |       |     4 |     2 ||     6
Armor: Robe              |     7 |     4 |     8 |       |       |       |       ||    19
       Steam dragon scal |       |       |    13 |    11 |       |       |       ||    24
       Troll leather arm |       |       |       |     2 |     5 |       |       ||     7
       Animal skin       |       |       |       |       |     7 |    89 |    10 ||   106
Dodge: Dodged            |    47 |    39 |   233 |   263 |   290 |   886 |   222 ||  1980
       Repelled          |       |       |       |       |       |       |     2 ||     2

Table legend: (Time is in decaauts)
 A = Elapsed time spent in this place.
 B = Non-inter-level travel time spent in this place.
 C = Inter-level travel time spent in this place.
 D = Time resting spent in this place.
 E = Time spent auto-exploring this place.
 F = Levels seen in this place.
 G = Mean time per level.
                   A        B        C        D        E       F      G
               +--------+--------+--------+--------+--------+-----+--------+
         Total |  40209 |  38165 |   2044 |  13660 |  15795 |  37 | 1086.7 |
       Dungeon |  14723 |  13826 |    897 |   4485 |   6333 |  15 |  981.5 |
          Lair |   5343 |   4950 |    393 |    411 |   3311 |   6 |  890.5 |
        Shoals |   5383 |   5132 |    251 |   2310 |   1847 |   4 | 1345.8 |
   Spider Nest |   6350 |   6081 |    269 |   3281 |   1540 |   4 | 1587.5 |
  Orcish Mines |   1687 |   1509 |    178 |    225 |    739 |   2 |  843.5 |
        Vaults |   3865 |   3810 |     55 |   1385 |   1689 |   3 | 1288.3 |
        Bailey |   1065 |   1065 |      0 |    487 |    216 |   1 | 1065.0 |
      Ice Cave |   1396 |   1396 |      0 |   1063 |     31 |   1 | 1396.0 |
       Volcano |    392 |    392 |      0 |     10 |     86 |   1 |  392.0 |
               +--------+--------+--------+--------+--------+-----+--------+

Top non-repeatable levels by time:
Shoals:4: 2313 daAuts
Vaults:2: 1856 daAuts
     D:5: 1853 daAuts
Spider:3: 1705 daAuts
     D:4: 1684 daAuts
Spider:4: 1628 daAuts
Vaults:1: 1567 daAuts
Spider:1: 1528 daAuts
Spider:2: 1487 daAuts
     D:6: 1466 daAuts
   IceCv: 1396 daAuts
  Lair:6: 1230 daAuts
Shoals:1: 1164 daAuts
    D:14: 1119 daAuts
  Bailey: 1065 daAuts
